 Dungeon Crawl Stone Soup version 0.29.0-4-gdea44cf6ec (webtiles) character file.

Game seed: 4185639331404643059

1383 qw the Cleaver (level 8, 0/62 HPs)
             Began as a Formicid Cinder Acolyte on Sept 3, 2022.
             Was a Believer of Ignis.
             Slain by an ice beast (3 damage)
             ... on level 6 of the Dungeon.
             The game lasted 00:02:33 (7067 turns).

qw the Cleaver (Formicid Cinder Acolyte)            Turns: 7067, Time: 00:02:33

Health: 0/62       AC: 16    Str: 21    XL:     8   Next: 99%
Magic:  9/9        EV:  8    Int: 14    God:    Ignis [**....]
Gold:   176        SH:  0    Dex:  9    Spells: 9/9 levels left

rFire   + . .      SeeInvis +   Y - +0 battleaxe
rCold   . . .      Faith    .   (no shield)
rNeg    . . .      Spirit   .   l - +0 chain mail
rPois   .          Reflect  .   (helmet unavailable)
rElec   .          Harm     .   (no cloak)
rCorr   .          Rampage  .   (no gloves)
Will    .....                   (no boots)
Stlth   ..........              (no amulet)
HPRegen 0.20/turn               (no ring)
MPRegen 0.11/turn               (no ring)

@: lethally poisoned (0 -> -3), fiery-armoured
A: permanent stasis, dig shafts and tunnels, antennae 3, four strong arms
a: Dig, Shaft Self, Renounce Religion, Fiery Armour, Foxfire Swarm, Rising Flame


You were on level 6 of the Dungeon.
You worshipped Ignis.
Ignis was pleased with you.
You visited 1 branch of the dungeon, and saw 6 of its levels.

You collected 332 gold pieces.
You spent 156 gold pieces at shops.


Innate Abilities, Weirdness & Mutations

You cannot be hasted, slowed, berserked, paralysed or teleported.
You can dig through walls and to a lower floor.
You have a pair of large antennae on your head. (SInv)
Your four strong arms can wield two-handed weapons with a shield.


   Skills:
 + Level 5.1 Fighting
 - Level 9.1 Axes
 - Level 1.7 Throwing
 - Level 4.0 Armour
 - Level 1.0 Dodging
 - Level 1.1 Spellcasting
 - Level 3.0 Fire Magic


You had 9 spell levels left.
You didn't know any spells.
Your spell library contained the following spells:

 Spells                   Type           Power      Damage    Failure   Level
 Scorch                   Fire           18%        2d6       71%         2

Inventory:

Hand Weapons
 b - a -1 hand axe of flaming
 Y - a +0 battleaxe (weapon)
Armour
 l - a +0 chain mail (worn)
Jewellery
 e - a ring of ice
Scrolls
 a - a scroll of identify
Potions
 d - a potion of might {unknown}
 g - a potion of curing
 i - a potion of mutation {unknown}

Dungeon Overview and Level Annotations

Branches:
Dungeon (6/15)             Temple (0/1) D:4

Altars:
Trog
Yredelemnul
The Shining One

Shops:
D:3 *(([(   D:5 (:


Message History

The ice beast hits you but does no damage.
You barely miss the ogre.
The ogre is heavily wounded.
You barely miss the killer bee. You hit the ice beast but do no damage.
You feel sick.
The killer bee stings you but does no damage.
The killer bee is burned by your cloak of flames.
The killer bee is moderately wounded.
The killer bee stings you but does no damage.
The killer bee is burned by your cloak of flames.
The killer bee is moderately wounded.
The ogre hits you but does no damage.
The ogre is burned by your cloak of flames.
The ogre is heavily wounded.
The white imp grinds its teeth.
The ice beast hits you but does no damage.
The ice beast melts!
The ice beast is burned by your cloak of flames.
The ice beast is heavily wounded.
The killer bee stings you but does no damage.
The killer bee is burned by your cloak of flames.
The killer bee is heavily wounded.
You barely miss the killer bee.
The killer bee is heavily wounded.
You hit the ice beast. You slice the ogre!!
You kill the ogre!
You feel sick.
The killer bee stings you but does no damage.
The killer bee is burned by your cloak of flames.
The killer bee is severely wounded.
The ice beast hits you but does no damage.
The killer bee stings you but does no damage.
The killer bee is burned by your cloak of flames.
The killer bee is almost dead.
Your Axes skill increases to level 9!
You hit the killer bee.
You kill the killer bee!
You slash the ice beast!
You feel sick. The ice beast hits you.
You die...

..........##..
.............
............
...........
..5..... .....#
. #%)%# ...
####@.####
....#.#Y.....#..
................
#.....<%....##.
#...........#
......#.#....#
.....>#.#.....#
#...............
##... ....#....#


You could see an ice beast and a white imp.

Vanquished Creatures
  Sigmund (D:3)
  A water moccasin (D:5)
  Duvessa (D:5)
  An ogre (D:6)
  2 phantoms
  A necrophage (D:4)
  Dowan (D:5)
  4 killer bees (D:6)
  2 howler monkeys
  A hound (D:4)
  2 orc priests (D:5)
  A jelly (D:5)
  3 iguanas
  Ijyb (D:3)
  Natasha (twice) (D:3)
  Robin (D:3)
  6 adders
  4 gnolls (D:5)
  2 ufetubi
  2 dart slugs
  7 orcs
  2 ball pythons (D:3)
  8 endoplasms
  7 giant cockroaches
  11 goblins
  9 hobgoblins
  2 jackals (D:4)
  9 kobolds
  3 quokkas
  5 bats
  5 frilled lizards
  6 rats
113 creatures vanquished.

Notes
Turn   | Place    | Note
-------+----------+-------------------------------------------
     0 | D:1      | qw the Formicid Cinder Acolyte began the quest for the Orb.
     0 | D:1      | Reached XP level 1. HP: 18/18 MP: 2/2
     0 | D:1      | 0 ||| qw: Version: 0.1-a-102-g441f92d
     0 | D:1      | 0 ||| qw: Game counter: 5228
     0 | D:1      | 0 ||| qw: Always use a shield: true
     0 | D:1      | 0 ||| qw: God list: Okawaru
     0 | D:1      | 0 ||| qw: Allow faded altars: false
     0 | D:1      | 0 ||| qw: Do Orc after D:15 true
     0 | D:1      | 0 ||| qw: Do second Lair branch before Depths: true
     0 | D:1      | 0 ||| qw: Lair rune preference: random
     0 | D:1      | 0 ||| qw: Plans: Normal
     0 | D:1      | 0 ||| PLANNING D:1-11
   114 | D:1      | Reached XP level 2. HP: 23/24 MP: 3/3
   275 | D:1      | 275 ||| Stepping ~*~*~tactically~*~*~ (stealth).
   453 | D:1      | 453 ||| Stepping ~*~*~tactically~*~*~ (stealth).
   508 | D:1      | Reached skill level 4 in Axes
   508 | D:1      | Reached XP level 3. HP: 29/29 MP: 4/4
   635 | D:1      | 635 ||| INVOKING Fiery Armour.
  1358 | D:1      | 1358 ||| UPGRADING to +0 ring mail.
  1368 | D:1      | 1368 ||| DROPPING +0 robe.
  1369 | D:1      | 1369 ||| READING 2 scrolls labelled INKIOP LAPPEUDOE.
  1370 | D:1      | 1370 ||| READING scroll labelled FYIWAH JECUIMP.
  1411 | D:2      | 1411 ||| Stepping ~*~*~tactically~*~*~ (hiding).
  1530 | D:2      | Reached skill level 1 in Armour
  1539 | D:2      | Reached XP level 4. HP: 18/35 MP: 5/5
  2430 | D:2      | 2430 ||| READING scroll labelled CYLOABUCSUY.
  2431 | D:2      | 2431 ||| READING scroll labelled BOSEHEDGHIB.
  2432 | D:2      | 2432 ||| DRINKING 2 coppery potions.
  2433 | D:2      | 2433 ||| DRINKING 2 puce potions.
  2434 | D:2      | 2434 ||| READING 2 scrolls of identify.
  2434 | D:2      | 2434 ||| IDENTIFYING brown potion
  2435 | D:2      | 2435 ||| DROPPING potion of flight.
  2640 | D:3      | Found Kiqihu Hake's Antique Weapon Emporium.
  2650 | D:3      | 2650 ||| SHOPLISTING runed war axe (169 gold, have 122).
  2650 | D:3      | 2650 ||| BUYING war axe (91 gold).
  2650 | D:3      | Bought a war axe for 91 gold pieces
  2650 | D:3      | 2650 ||| SWAPPING to +0 war axe.
  2807 | D:3      | Noticed Ijyb
  2809 | D:3      | 2809 ||| FLEEEEING.
  2811 | D:3      | 2811 ||| FLEEEEING.
  2812 | D:3      | 2812 ||| FLEEEEING.
  2813 | D:3      | 2813 ||| FLEEEEING.
  2814 | D:3      | 2814 ||| FLEEEEING.
  2814 | D:3      | Noticed Robin
  2815 | D:3      | 2815 ||| FLEEEEING.
  2817 | D:3      | 2817 ||| INVOKING Fiery Armour.
  2824 | D:3      | HP: 8/35 [Ijyb/+0 club (5)]
  2825 | D:3      | 2825 ||| DRINKING potion of heal wounds.
  2825 | D:3      | Killed Robin
  2827 | D:3      | Killed Ijyb
  2828 | D:3      | Reached skill level 5 in Axes
  2828 | D:3      | Reached XP level 5. HP: 15/41 MP: 6/6
  3035 | D:3      | Reached skill level 1 in Dodging
  3070 | D:3      | Noticed Sigmund
  3071 | D:3      | Found a faded altar of an unknown god.
  3071 | D:3      | Noticed Natasha
  3072 | D:3      | 3072 ||| INVOKING Fiery Armour.
  3080 | D:3      | Killed Sigmund
  3080 | D:3      | Killed Natasha
  3081 | D:3      | Reached skill level 6 in Axes
  3081 | D:3      | Reached XP level 6. HP: 41/47 MP: 7/7
  3164 | D:3      | Found Dileesur's Antique Armour Shoppe.
  3173 | D:3      | 3173 ||| SHOPLISTING chain mail (117 gold, have 62).
  3173 | D:3      | 3173 ||| SHOPLISTING cloak (117 gold, have 62).
  3173 | D:3      | 3173 ||| SHOPLISTING glowing scarf (208 gold, have 62).
  3173 | D:3      | 3173 ||| SHOPLISTING shiny chain mail (195 gold, have 62).
  3173 | D:3      | 3173 ||| SHOPLISTING translucent ring mail (234 gold, have
                  | 62).
  3420 | D:3      | Found Mamonneu's Antique Weapon Boutique.
  3788 | D:3      | Found Raics's Weapon Shoppe.
  3801 | D:3      | 3801 ||| BUYING +0 battleaxe (65 gold).
  3801 | D:3      | Bought a +0 battleaxe for 65 gold pieces
  3801 | D:3      | 3801 ||| SWAPPING to +0 battleaxe.
  3802 | D:3      | 3802 ||| DROPPING +0 war axe.
  3805 | D:3      | Found Paromax's Assorted Antiques.
  3810 | D:3      | 3810 ||| SHOPLISTING blue potion (21 gold, have 12).
  3810 | D:3      | 3810 ||| SHOPLISTING red potion (21 gold, have 12).
  3810 | D:3      | 3810 ||| SHOPLISTING scroll labelled DEIZ JIC LOULE (24
                  | gold, have 12).
  3810 | D:3      | 3810 ||| SHOPLISTING scroll labelled OJUPE QUHY (24 gold,
                  | have 12).
  3810 | D:3      | 3810 ||| SHOPLISTING scroll labelled VEMMU FYDIBRYPP (24
                  | gold, have 12).
  3833 | D:3      | Noticed Natasha
  3840 | D:3      | Killed Natasha
  3966 | D:3      | 3966 ||| READING scroll labelled MOHUFOD BAPE.
  3967 | D:3      | 3967 ||| READING scroll labelled ZUSOUL DAARE.
  3968 | D:3      | 3968 ||| READING scroll labelled URRAUM KE FOF.
  3969 | D:3      | 3969 ||| READING 2 scrolls of identify.
  3969 | D:3      | 3969 ||| IDENTIFYING blue potion
  3970 | D:3      | 3970 ||| DROPPING potion of attraction.
  3994 | D:4      | 3994 ||| STAIRDANCE
  4003 | D:4      | Reached XP level 7. HP: 47/54 MP: 8/8
  4003 | D:4      | 4003 ||| STAIRDANCE
  4059 | D:4      | 4059 ||| Stepping ~*~*~tactically~*~*~ (stealth).
  4094 | D:4      | 4094 ||| Stepping ~*~*~tactically~*~*~ (stealth).
  4100 | D:4      | 4100 ||| Stepping ~*~*~tactically~*~*~ (stealth).
  4377 | D:4      | Found a staircase to the Ecumenical Temple.
  4501 | D:4      | 4501 ||| Stepping ~*~*~tactically~*~*~ (hiding).
  4565 | D:4      | Reached skill level 7 in Axes
  4581 | D:4      | Reached skill level 1 in Throwing
  4839 | D:4      | 4839 ||| UPGRADING to +2 leather armour of poison
                  | resistance.
  4849 | D:4      | 4849 ||| DROPPING +0 ring mail.
  4850 | D:4      | 4850 ||| DROPPING +0 scale mail.
  4851 | D:4      | 4851 ||| UPGRADING to +0 chain mail.
  4861 | D:4      | 4861 ||| DROPPING +2 leather armour of poison resistance.
  4862 | D:4      | 4862 ||| READING scroll labelled TIEME QURESYFF.
  4963 | D:4      | 4963 ||| READING scroll labelled QUSOYRUGUG.
  5007 | D:5      | Entered Level 5 of the Dungeon
  5025 | D:5      | 5025 ||| INVOKING Fiery Armour.
  5476 | D:5      | 5476 ||| Stepping ~*~*~tactically~*~*~ (stealth).
  5663 | D:5      | Noticed Duvessa
  5663 | D:5      | Noticed Dowan
  5664 | D:5      | 5664 ||| Stepping ~*~*~tactically~*~*~ (hiding).
  5668 | D:5      | 5668 ||| INVOKING Fiery Armour.
  5674 | D:5      | Killed Duvessa
  5675 | D:5      | Reached skill level 8 in Axes
  5675 | D:5      | Reached XP level 8. HP: 21/55 MP: 9/9
  5677 | D:5      | 5677 ||| Stepping ~*~*~tactically~*~*~ (hiding).
  5682 | D:5      | Killed Dowan
  5897 | D:5      | 5897 ||| INVOKING Fiery Armour.
  5900 | D:5      | HP: 15/60 [poisoned by a water moccasin]
  5905 | D:5      | HP: 11/60 [poisoned by a water moccasin]
  6184 | D:5      | 6184 ||| Stepping ~*~*~tactically~*~*~ (hiding).
  6188 | D:5      | 6188 ||| INVOKING Fiery Armour.
  6192 | D:5      | HP: 7/60 [orc priest/divine providence (11)]
  6193 | D:5      | 6193 ||| DRINKING potion of heal wounds.
  6479 | D:5      | Found a faded altar of an unknown god.
  6479 | D:5      | Found a faded altar of an unknown god.
  6486 | D:5      | Found a basalt altar of Yredelemnul.
  6488 | D:5      | Found a bloodstained altar of Trog.
  6490 | D:5      | Found a glowing golden altar of the Shining One.
  6516 | D:5      | Found Gougyvas's Weapon Shop.
  6517 | D:5      | Found Osysch's Book Shoppe.
  6539 | D:5      | 6539 ||| SHOPLISTING +2 battleaxe of draining (260 gold,
                  | have 97).
  7005 | D:5      | 7005 ||| READING scroll labelled PIPESO ZOTENEESM.
  7006 | D:5      | 7006 ||| READING scroll labelled XAGOXK HUEPPU.
  7007 | D:5      | 7007 ||| DRINKING 2 murky black potions.
  7008 | D:5      | 7008 ||| DROPPING potion of brilliance.
  7061 | D:6      | 7061 ||| INVOKING Fiery Armour.
  7064 | D:6      | HP: 11/62 [ogre/+0 giant club (9)]
  7065 | D:6      | HP: 5/62 [poisoned by a killer bee]
  7067 | D:6      | Reached skill level 9 in Axes
  7067 | D:6      | Slain by an ice beast

Levels and vault maps discovered:
D:1:      dpeg_arrival_leaves_temple_mockup, layout_basic
D:2:      layout_loops_ring
D:3:      layout_basic, hellmonk_ecumenical_altar_crossroads, serial_curves,
          eino_curves_04, eino_curves_02, eino_curves_04, serial_shops,
          nicolae_shop_behind_doors, shop, nicolae_lakefront_shop,
          nicolae_lakefront_shop, nicolae_shop_crystal, uniq_robin,
          uniq_sigmund, uniq_natasha, uniq_ijyb
D:4:      layout_basic, minmay_temple_entry_antechambers,
          kennysheep_generic_room_14
D:5:      layout_cave_pods, chequers_temple_overflow_minitemple,
          nicolae_wooded_promenade, uniq_duvessa
D:6:      layout_cave_pools, uniq_maggie, uniq_crazy_yiuf_cottage,
          uniq_menkaure, uniq_blork_the_orc

Skill      XL: |  1  2  3  4  5  6  7  8 |
---------------+-------------------------+-----
Axes           | 4 5 6 8 9 |  9.1
Armour         | 1 2 4 |  4.0
Dodging        | 1 |  1.0
Fighting       | 4 5 |  5.1
Throwing       | 1 |  1.7
Spellcasting   | |  1.1
Fire Magic     | |  3.0

Action                   |  1- 3 |  4- 6 |  7- 9 || total
-------------------------+-------+-------+-------++-------
Melee: Hand axe          |    70 |    21 |       ||    91
       Punch             |     2 |       |     5 ||     7
       War axe           |       |    40 |       ||    40
       Battleaxe         |       |     9 |   158 ||   167
Throw: Boomerang         |    33 |    37 |    22 ||    92
Invok: Fiery Armour      |     1 |     2 |     5 ||     8
  Use: Scroll            |     2 |     7 |     4 ||    13
       Potion            |       |     3 |     2 ||     5
Armor: Robe              |    15 |       |       ||    15
       Ring mail         |     4 |    30 |    16 ||    50
       Chain mail        |       |       |    59 ||    59
Dodge: Dodged            |    32 |    40 |    99 ||   171

Table legend:
 A = Non-vault XP
 B = Vault XP
 C = Vault XP percentage of total XP
 D = Non-vault monster count
 E = Vault monster count
 F = Vault count percentage of total count
                 A         B        C        D         E       F
            +---------+---------+-------+---------+---------+-------
      Total |    1515 |     524 |  25.7 |     101 |      12 |  10.6
            +---------+---------+-------+---------+---------+-------
        D:1 |      40 |       0 |   0.0 |      25 |       0 |   0.0
        D:2 |      47 |       0 |   0.0 |      13 |       0 |   0.0
        D:3 |      78 |     320 |  80.4 |      19 |       8 |  29.6
        D:4 |     339 |       4 |   1.2 |      21 |       2 |   8.7
        D:5 |     554 |     200 |  26.5 |      15 |       2 |  11.8
        D:6 |     457 |       0 |   0.0 |       8 |       0 |   0.0
            +---------+---------+-------+---------+---------+-------
